Cogmind - Beta 15 @@@ ROGUE MODE // 2025.06.11 @ 23:20:26 Player: Mogwok Wargfriend Result: Destroyed by G-34 Mercenary with Small Laser Performance ------------- Evolutions (0) 0 Regions Visited (1) 200 Robots Destroyed (17) 85 Value Destroyed (481) 481 Prototype IDs (0) 0 Alien Tech Used (0) 0 Bonus (0) 0 TOTAL SCORE: 766 Bonus ------- None Cogmind --------- Core Integrity 0/250 Matter 290/300 Energy 218/250 System Corruption 0% Temperature Cool (36) Movement Walking (120) Location -10/Materials Parts ------- > --- POWER (1) -------- Ion Engine > --- PROPULSION (2) --- Aluminum Leg Aluminum Leg > --- UTILITY (2) ------ Heat Sink Small Storage Unit > --- WEAPON (2) ------- Particle Gun Light Assault Rifle > --- INVENTORY (8) ---- Light Ion Engine Aluminum Leg Aluminum Leg Light Armor Plating Particle Gun Light Assault Rifle Mining Claw Peak State ------------ > --- POWER ------------ Ion Engine > --- PROPULSION ------- Aluminum Leg Aluminum Leg > --- UTILITY ---------- Heat Sink Small Storage Unit > --- WEAPON ----------- Particle Gun Light Assault Rifle > --- INVENTORY -------- Ion Engine Light Ion Engine Aluminum Leg Aluminum Leg Light Armor Plating Small Laser Light Assault Rifle Mining Claw [Rating: 8] Favorites ----------- Power Ion Engine Engine Ion Engine Propulsion Aluminum Leg Leg Aluminum Leg Wheel Wheel Utility Small Storage Unit Device Seismic Detector Storage Small Storage Unit Weapon Light Assault Rifle Energy Gun Small Laser Ballistic Gun Light Assault Rifle Build | -11 -10 ------- Run | Yrd Mat Slots Evolved . | . . Power . | . . Propulsion . | . . Utility . | . . Weapon . | . . Parts Attached 19 | 7 12 Power 3 | 1 2 Engine 3 | 1 2 Core . | . . Reactor . | . . Propulsion 8 | 2 6 Treads . | . . Leg 7 | 2 5 Wheel 1 | . 1 Hover . | . . Flight . | . . Utility 3 | 2 1 Device 2 | 1 1 Storage 1 | 1 . Processor . | . . Hackware . | . . Protection . | . . Artifact . | . . Weapon 5 | 2 3 Energy Gun 2 | . 2 Energy Cannon . | . . Ballistic Gun 3 | 2 1 Ballistic Cannon . | . . Launcher . | . . Special Weapon . | . . Impact Weapon . | . . Slashing Weapon . | . . Piercing Weapon . | . . Special Melee Weapon . | . . Unidentified Prototypes . | . . Parts Lost 7 | . 7 Power 1 | . 1 Propulsion 4 | . 4 Utility 1 | . 1 Weapon 1 | . 1 Highest Loss Streak 6 | . 6 To Critical Strikes . | . . Average Backups 6 | 3 6 Power 1 | . 1 Propulsion 2 | 2 2 Utility . | . . Weapon 1 | . 2 Tool/Special . | . . Unused Backups 11 | 1 10 Power 1 | . 1 Propulsion 6 | 1 5 Utility 1 | . 1 Weapon 3 | . 3 Tool/Special . | . . Average Slot Usage (%) 96 | . 96 Engine 13 | . 13 Leg 26 | . 26 Device 13 | . 13 Storage 14 | . 14 Energy Gun 8 | . 8 Ballistic Gun 19 | . 19 Peak Build Rating 8 | 7 8 Average Rating 6 | 5 6 On Entrance 3 | . 7 Naked Turns . | . . Heaviest Build 15 | 14 15 Greatest Support 20 | 20 20 Greatest Overweight (x) 3 | 1 3 Average Overweight (x) . | . . Largest Inventory Capacity 8 | 8 8 Average Capacity 7 | 7 8 Most Carried 8 | 6 8 Average Carried 6 | 3 6 Final Capacity 8 | 8 8 Final Carried 7 | 6 7 Class Distribution -------------------- 79% | Mutant 20% | Scavenger-Mutant Dominant Class ---------------- Mutant | -10/Materials Resources | -11 -10 ----------- Run | Yrd Mat Matter Collected 512 | 330 182 Remotely . | . . Salvage Created 660 | 142 518 Parts 40 | 12 28 Haulers Intercepted . | . . Recyclers Shooed . | . . Parts Field Recycled . | . . Retrieved Matter . | . . Parts Self-Destructed . | . . Prevented . | . . Kills | -11 -10 ------- Run | Yrd Mat Combat Hostiles Destroyed 12 | . 12 Guns 12 | . 12 Classes Destroyed 3 | 2 1 Tunneler 4 | 3 1 Recycler 1 | 1 . Grunt 12 | . 12 Best Kill Streak 5 | 4 5 Combat Bots Only 4 | . 4 Max Kills in Single Turn 1 | 1 1 Gunslinging . | . . Exploded . | . . Melee . | . . Uniques/NPCs Destroyed . | . . Combat | -11 -10 -------- Run | Yrd Mat Hostile Shots Fired 96 | . 96 Missed 20 | . 20 Hits 76 | . 76 Projectile 76 | . 76 Critical Strikes 1 | . 1 Damage Taken 1052 | . 1052 Core 253 | . 253 Absorbed by Shields . | . . Core Remaining (%) 100 | 100 . Volleys Fired 89 | 15 74 Largest 2 | 2 2 Hottest 85 | 40 85 Shots Fired 164 | 30 134 Gun 164 | 30 134 Cannon . | . . Launcher . | . . Special . | . . Kinetic 96 | 30 66 Thermal 68 | . 68 Explosive . | . . Electromagnetic . | . . Robot Hit Streak 11 | 6 11 Robot Miss Streak 4 | 3 4 Penetration Max . | . . Secondary Targets . | . . Shots Hit Robots 94 | 17 77 Core Hits 34 | 6 28 Critical Kills 1 | 1 . Critical Parts Destroyed 1 | . 1 Critical Strikes 3 | 1 2 Burn 1 | . 1 Destroy 2 | 1 1 Melee Attacks . | . . Impact . | . . Slashing . | . . Piercing . | . . Sneak Attacks . | . . Combat Hostiles . | . . Follow-up Attacks . | . . Damage Inflicted 1034 | 167 867 Guns 1034 | 167 867 Cannons . | . . Explosions . | . . Melee . | . . Ramming . | . . Kinetic 487 | 167 320 Thermal 547 | . 547 Explosive . | . . Electromagnetic . | . . Impact . | . . Slashing . | . . Piercing . | . . Highest Corruption . | . . Average Corruption . | . . Corruption Purged . | . . Corruption Blocked . | . . Overload Shots . | . . Overflow Damage . | . . Projectiles . | . . Explosions . | . . Melee . | . . Knockbacks . | . . Impact . | . . Kinetic . | . . Secondary . | . . Self-Inflicted Damage . | . . Shots . | . . Rammed . | . . Targets Rammed . | . . Kicked . | . . Crushed . | . . Highest Temperature 215 | . 215 Average Temperature 70 | . 70 Received Heat Transfer 618 | . 618 Siege Activations . | . . Martial Activations . | . . Shielding Activations . | . . Robots Disrupted . | . . Combat Hostiles . | . . Robots Corrupted . | . . Combat Hostiles . | . . Parts Fried . | . . Impact Corruptions . | . . Robots Melted . | . . Combat Hostiles . | . . Parts Melted . | . . Heat Transferred 1341 | . 1341 Parts Sabotaged . | . . Parts Stolen . | . . Parts Stripped . | . . Power Chain Reactions . | . . Alert | -11 -10 ------- Run | Yrd Mat Maximum Alert Level . | . . Low Security (%) 100 | 100 100 Level 1 . | . . Level 2 . | . . Level 3 . | . . Level 4 . | . . Level 5 . | . . High Security . | . . Max Security . | . . Peak Influence 154 | 5 154 Initial . | . . Average 19 | . 23 Influence Increases 338 | 20 318 Destroy 0b10 Robot/C 240 | . 240 Destroy 0b10 Robot/NC 25 | 20 5 Destroy Leader 60 | . 60 Successful Hack 13 | . 13 Influence Decreases 184 | 20 164 Time Decay 164 | 20 144 Lost Part 20 | . 20 Squads Dispatched 3 | . 3 Investigation 2 | . 2 Extermination . | . . Reinforcement 1 | . 1 Assault . | . . Garrison . | . . Intercept . | . . Searches Triggered . | . . Construction Impeded . | . . Haulers Reinforced . | . . Active Scanning Responses . | . . Cargo Convoy Interrupts . | . . Stealth | -11 -10 --------- Run | Yrd Mat Distress Signals 2 | . 2 Communications Jammed . | . . Distress Signals . | . . Times Spotted 19 | . 19 Peak Tracking Total 6 | . 6 Tactical Retreats . | . . Traps | -11 -10 ------- Run | Yrd Mat Traps Triggered 1 | . 1 Indirectly . | . . Trap Hack Attempts . | . . Triggered . | . . Disarmed . | . . Reprogrammed . | . . Reused . | . . Traps Extracted . | . . Installed . | . . Triggered . | . . Machines | -11 -10 ---------- Run | Yrd Mat Machines Disabled . | . . Max in Single Turn . | . . Machines Repaired . | . . Machines Dismantled . | . . Machines Sabotaged . | . . Overloaded Fab Kills . | . . Hacking | -11 -10 --------- Run | Yrd Mat Machines Accessed 5 | . 5 Terminals 4 | . 4 Fabricators . | . . Repair Stations . | . . Recycling Units 1 | . 1 Scanalyzers . | . . Garrison Access . | . . Total Hacks 16 | . 16 Successful 6 | . 6 Failed 10 | . 10 Catastrophic . | . . Database Lockouts . | . . Manual 16 | . 16 Terminals 13 | . 13 Fabricators . | . . Repair Stations . | . . Recycling Units 3 | . 3 Scanalyzers . | . . Garrison Access . | . . Terminal Hacks 3 | . 3 Robot Analysis 2 | . 2 Alert Level 1 | . 1 Fabricator Hacks . | . . Repair Station Hacks . | . . Recycling Unit Hacks . | . . Scanalyzer . | . . Garrison Access Hacks . | . . Unauthorized Hacks 3 | . 3 Terminals 2 | . 2 Botnet 1 | . 1 Operators 1 | . 1 Fabricators . | . . Repair Stations . | . . Recycling Units 1 | . 1 Reject 1 | . 1 Scanalyzers . | . . Garrison Access . | . . Data Cores Recovered . | . . Used . | . . Hacking Detections 4 | . 4 Full Trace Events 1 | . 1 Feedback Events . | . . Feedback Blocked . | . . Robot Schematics Acquired . | . . Robots Built . | . . Authchips . | . . Time . | . . Total Robot Build Rating . | . . Part Schematics Acquired . | . . Parts Built . | . . Authchips . | . . Time . | . . Total Part Build Rating . | . . Parts Repaired . | . . Time . | . . Parts Recycled . | . . Recycled Matter . | . . Retrieved Matter . | . . Retrieved Components . | . . Parts Scanalyzed . | . . Part Schematics Acquired . | . . Parts Damaged . | . . Bothacking | -11 -10 ------------ Run | Yrd Mat Used RIF Installer . | . . Robots Hacked . | . . Non-combat . | . . Combat . | . . Robot Hacks Applied . | . . Relay Couplers Released . | . . Fabnet Peak Effective % . | . . Robots Rewired . | . . Allies Hacked . | . . Hacks Repelled . | . . Allies | -11 -10 -------- Run | Yrd Mat Total Allies . | . . Largest Group . | . . Highest-Rated Group . | . . Highest-Rated Ally . | . . Total Orders . | . . Ally Attacks . | . . Total Damage . | . . Kills . | . . Allies Corrupted . | . . Allies Melted . | . . Intel | -11 -10 ------- Run | Yrd Mat Active Infowar (turns) 643 | 75 568 Seismic 643 | 75 568 Robot Analysis Total 2 | . 2 Derelict Logs Recovered . | . . Drone Launches . | . . Drone Recoveries . | . . Exploration | -11 -10 ------------- Run | Yrd Mat Turns Passed 1002 | 186 816 Spaces Moved 456 | 107 349 Core 12 | 11 1 Treads . | . . Legs 444 | 96 348 Wheels . | . . Hover . | . . Flight . | . . Fastest Speed 50 | 50 120 Average Speed 119 | 113 120 Slowest Speed 200 | 120 200 Overloaded Moves . | . . Propulsion Burnouts . | . . Robots Hopped . | . . Potential Cave-ins . | . . Cave-ins Triggered . | . . Exploration Rate (%) 28 | 4 53 Regions Visited 1 Branch Regions . Pre-discovered Areas . | . . Known Exits Taken . | . . Unknown Exits Taken 1 | 1 . Scrap Searched . | . . Spaces Dug . | . . Terrain Destroyed . | . . Melee . | . . Projectile . | . . AOE . | . . Terrain Rammed . | . . Walls Destroyed . | . . Machines Disabled . | . . Actions | -11 -10 --------- Run | Yrd Mat Total 766 | 142 624 Wait 177 | 5 172 Move 455 | 106 349 Hop . | . . Pick Up 16 | 8 8 Fast Attach 11 | 6 5 Attach 5 | 1 4 Detach 1 | . 1 Swap 3 | . 3 Drop 9 | 1 8 Fire 89 | 15 74 Melee . | . . Ram . | . . Kick . | . . Crush . | . . Escape Stasis . | . . Rewire . | . . Trap . | . . Miscellaneous . | . . Route ------- -11/Scrapyard -10/Materials (discovered 2 exits: [*Min] / [*Sub]) History --------- Turn | Location | Event 19 | -11/Scrapyard | Discovered new exit (range 16) 187 | -11/Scrapyard | Entered Materials 302 | -10/Materials | Build established: Mutant 568 | -10/Materials | Discovered new exit (range 15) 758 | -10/Materials | Core integrity fell below 50% 816 | -10/Materials | Lost 6 parts (4n1u1w) 862 | -10/Materials | Discovered new exit (range 10) 897 | -10/Materials | Core integrity fell below 20% 1003 | -10/Materials | Destroyed by G-34 Mercenary with Small Laser Last Messages --------------- M004. Dispatching Investigation squad. 00947_ K-01 Serf collects debris. 00949_ Acquired 1 matter. 00949_ K-01 Serf cleans the Repair Station. 00951_ K-01 Serf collects debris. 00961_ G-34 Mercenary destroyed. 00962_ Acquired 1 matter. 00968_ K-01 Serf collects debris. 00969_ Acquired 1 matter. 00969_ Ion Engine destroyed. 00971_ G-34 Mercenary destroyed. 00972_ Acquired 1 matter. 00975_ Acquired 4 matter. 00975_ Acquired 6 matter. 00978_ K-01 Serf sends out distress signal. 00980_ T-07 Excavator destroyed. 00986_ G-34 Mercenary destroyed. 00990_ R-06 Scavenger collects Sml. Laser. 00997_ G-34 Mercenary destroyed. 01000_ K-01 Serf collects debris. Map ----- +----------------------------------------------------+ | ##?????#######??# # """"" #???? | | #???????????????######## """ #???? | | #??????????????????????# #???? | | #??????????????????????# #???? | | #?????????????????????## #### #???? | | #?????????????????????# o """# #???? | | ??????????????????????# "# +???? | | ??????????????????????# !"# #???? | | ??????????????????????# < ""# ?????? | | ??????????????????????# !"# ##T##???????? | | ??????????????????????# "# #???????????? | | ??????????????????????# """# #???????????? | | ?????????????########### #### /???????????? | | ??o?????????????# # #???????????? | | ????????????????# / #???#???????? | | ????????????????# # """ #? ???????? | | ????????????????# [ ??# "R" #?"""???????? | | ????????????????# ????# " " # """ ??????? | | ????????????????# ??????# # """ """ ??? | | ??????????????? / ????????# + #?? | | ??????????????##??????????# """" # #?? | | ??????????????????????????# """" #?? #?? | | ??????????????????#########% """" #????? #?? | | ??????????????????# ! !!%#=k #????????#??? | | ??????????????????# =[%g%* #???????????? | | ??????????????????# "T"@#! """" #???????????? | | ?????????????????##########[ """" #???????????? | | ????????????????## # """" #???????????? | | ????????????????# # #???????????? | | ????????????????# #???????????? | | ????????????????# # """" #???????????? | | ???????????????#< ## """" #???????????? | | ???????????????### ?# """" ! #???????????? | | ?????????????????# #?# +???????????? | | ?????????????????# ##??# #???????????? | | ??????????################ #### #???????????? | | ??????????# * +%%! #??? #???????????? | | ??????????# [ ####### #??? ???????????? | | ??????????# """ #?????# #??? ??????????? | | ??????????# """ #?????#! !#??? ?????????? | | ??????????# """ #?????##!!!!##??? ??????????? | | ??????????# #??????######???? ##?????????? | | ??????????########????????????????###????????????? | | ?????????????????????????????????????????????????? | | ?????????????????????????????????????????????????? | | ?????????????????????????????????????????????????? | | | | | | | | | +----------------------------------------------------+ Best States ------------- Heat Dissipation 35 Energy Generation 10 Energy Capacity 250 Matter Stores 300 Matter Capacity 300 Sight Range 16 Terrain Scan Density 10 Evasion (%) 55 Item Schematics ----------------- None Robot Schematics ------------------ None Fabricated ------------ Nothing Repaired ---------- Nothing Alien Tech Used ----------------- None Achievements -------------- None Challenges ------------ None Game ------ Seed CryofiberMomentumShredder Manual? 0 Play Time 00:10:02 Cumulative 209.7 hours Start 2025.06.11 @ 23:06:41 End 2025.06.11 @ 23:20:26 Sessions 1 Manual Loads 0 Difficulty Rogue Special Mode None Game No. 200 Rogue 200 Adventurer 0 Explorer 0 Win Type - Total 1 Types 1/0/0/0/0/0/0/0/0/0 Lore% 42 Gallery% 58 Achievement% 47 Wizard Run 0 Options --------- Layout 2 ASCII 1 Keyboard 1 Movement Numpad Keybinds 0 Fullscreen 2 Font 32/TamsynBold Map View 50x44 Zoom Use 0% Tactical HUD 1 Map Filters NONE Filters NONE Steam 1 RUN: 251da404-fb9e-44d5-ab3b-43b9636f2dff